AoeStats
← MaxiMoO

Arabia

510154124Analyzed
1v1 RM · 1d ago on Sep 29, 2026· 29m 15s· 2 players
Game mode
Random Map
Map size
Tiny (2 player)
Population
200
Speed
Normal
Resources
Standard
Victory
Conquest
Starting age
Dark Age
Ending age
Imperial Age
RankedLock teamsTeams togetherTeam positionsShared explorationLock speedFull tech treeHidden civsTurbo modeCheats
Victory
Defeat
🇦🇷 Cumans · Argentina
1265
+12
🇺🇸 Teutons · United States
1182
-12
MaxiMoO
6:15 Loom
9:11 Feudal Age
10:00 Double-Bit Axe
15:47 Horse Collar
23:58 Castle Age
22:03 Gold Mining
24:11 Scale Barding Armor
24:41 Forging
27:48 Town Watch
28:39 Wheelbarrow
Kinseidon
6:08 Loom
8:44 Feudal Age
21:29 Horse Collar
27:24 Castle Age
25:33 Double-Bit Axe
26:18 Fletching
28:44 Bodkin Arrow
Connection lost

Rejoining the realm…

Still unreachable

The connection could not be restored.

Session expired

The server has moved on; the page needs a fresh start.